 Dungeon Crawl Stone Soup version 0.19.1 (webtiles) character file.

11 M4edhros the Grave Robber (level 2, -1/17 HPs)
             Began as an Octopode Necromancer on Dec 23, 2016.
             Slain by a rat (2 damage)
             ... on level 1 of the Dungeon.
             The game lasted 00:01:13 (275 turns).

M4edhros the Grave Robber (Octopode Necromancer)     Turns: 275, Time: 00:01:14

Health: -1/17      AC: -3    Str:  7    XL:     2   Next: 29%
Magic:  2/5        EV: 13    Int: 17    God:
Gold:   29         SH:  0    Dex: 12    Spells: 1 memorised, 4 levels left

rFire  . . .     SeeInvis .       - Unarmed
rCold  . . .     Gourm    .     (no shield)
rNeg   . . .     Faith    .     (helmet restricted)
rPois  .         Spirit   .     (no amulet)
rElec  .         Reflect  .     g - -4 ring of protection (curse)
rCorr  .         Harm     .     (no ring)
MR     .....                    (no ring)
Stlth  +++.......               (no ring)
                                (no ring)
                                (no ring)
                                (no ring)
                                (no ring)

@: no status effects
A: almost no armour, stealthy swim, amphibious, 8 rings, constrict 8, camouflage
1, gelatinous body 1
a: no special abilities


You were on level 1 of the Dungeon.
You were not hungry.

You visited 1 branch of the dungeon, and saw 1 of its levels.

You collected 29 gold pieces.

Inventory:

Jewellery
 g - a cursed -4 ring of protection (left tentacle)
Scrolls
 c - a scroll of blinking
Books
 a - a book of Necromancy

   Spells                             Type                      Level
   a - Pain                           Necromancy                   1
   b - Animate Skeleton               Necromancy                   1
   c - Vampiric Draining              Necromancy                   3
   d - Regeneration                   Charms/Necromancy            3
   e - Animate Dead                   Necromancy                   4
   f - Control Undead                 Necromancy                   4
Comestibles
 b - a bread ration
 f - a slice of pizza


   Skills:
 - Level 2.0 Dodging
 - Level 2.6 Stealth
 + Level 1.9 Unarmed Combat
 - Level 2.0 Spellcasting
 - Level 4.0 Necromancy


You had 4 spell levels left.
You knew the following spells:

 Your Spells              Type           Power        Failure   Level  Hunger
a - Pain                  Necr           ###.         3%          1    #......


Dungeon Overview and Level Annotations

Branches:
Dungeon (1/15)

Altars:


Innate Abilities, Weirdness & Mutations

You cannot wear most types of armour.
You are very stealthy in the water. (Stealth+)
You are amphibious.
You can wear up to eight rings at the same time.
You can use your tentacles to constrict eight enemies at once.
Your skin changes colour to match your surroundings (Stealth+).
Your rubbery body absorbs attacks. (AC +1, EV +1)


Message History

As you read the scroll labeled DIFUEXKAMU, it crumbles to dust.
It is a scroll of recharging.
You aren't carrying any rechargeable items.
As you read the scroll labeled DASEJU FAOHOFETEDO, it crumbles to dust.
It is a scroll of enchant armour.
You aren't carrying any armour which can be enchanted further.
A rat comes into view.
Casting: Pain
Confirm with . or Enter, or press ? or * to list all spells.
Aiming: Pain
Press: ? - help, Shift-Dir - straight line, f - rat
Aim: a rat (chance to defeat MR: 85%)
The rat writhes in agony!
Casting: Pain
Confirm with . or Enter, or press ? or * to list all spells.
Aiming: Pain
Press: ? - help, Shift-Dir - straight line, f/p - rat
Aim: a rat (heavily wounded, chance to defeat MR: 85%)
The rat barely resists.
The rat bites you.
You die...

.# ########## #.# ####
.........# ####.##...
....>(...+ .......#
.........#####.#.#..#####
.........................
########.####............
#####.#.......#...+#≈≈
#...r@#.#.........#...
#.....+.....##†...≈...
#.....#.###.##....≈..⌠
#.....#.....###...≈...
####### ##.......#...
#.###..###≈≈ #......#....
#######..#....
###....)...#....


You could see a rat.

Vanquished Creatures
  4 bats (D:1)
  A giant cockroach (D:1)
  3 kobolds (D:1)
  A ball python (D:1)
  A goblin (D:1)
  2 rats (D:1)
12 creatures vanquished.

Notes
Turn   | Place    | Note
-------+----------+-------------------------------------------
     0 | D:1      | M4edhros the Octopode Necromancer began the quest for the Orb.
     0 | D:1      | Reached XP level 1. HP: 11/11 MP: 3/3
    21 | D:1      | Reached skill level 1 in Unarmed Combat
    87 | D:1      | Reached XP level 2. HP: 5/17 MP: 1/5
   275 | D:1      | Slain by a rat

Skill      XL: |  1 |
---------------+----+-----
Unarmed Combat | 1 |  1.9
Dodging        | |  2.0
Stealth        | |  2.6
Spellcasting   | |  2.0
Necromancy     | |  4.0

Action                   || total
-------------------------++-------
Melee: Unarmed           ||     6
       Constrict         ||     2
       Tentacles         ||     2
 Cast: Pain              ||    19
  Use: Scroll            ||     5
Armor: Skin              ||     4
Dodge: Dodged            ||     7
